[Event "Czech Open-Rapid 2022"]
[Site "Pardubice"]
[Date "2022.07.20"]
[Round "2.37"]
[White "Soukup, Stepan"]
[Black "Babula, Vlastimil jr"]
[Result "0-1"]
[ECO "D30"]
[WhiteElo "1809"]
[BlackElo "2039"]
[Annotator "TA"]
[PlyCount "134"]
[EventDate "2022.07.20"]
[EventType "swiss"]
[EventCountry "CZE"]
[SourceTitle "playchess.com"]
[Source "ChessBase"]
[SourceQuality "1"]
[TimeControl "1200+10"]

1. d4 d5 2. c4 e6 3. Nf3 c6 4. g3 Nf6 5. Bg2 dxc4 6. O-O b5 7. Ne5 {[%emt 0:03:27] E04: Open Catalan: 5 Nf3.} Bb7 8. a4 {[%emt 0:00:08] axb5 is the strong threat.} a6 9. b3 {[%emt 0:00:28] The position is equal.} cxb3 10. Qxb3 Be7 11. axb5 {[%emt 0:04:14] 11.Rd1 is the modern continuation.} axb5 12. Rxa8 Bxa8 13. Qa2 Bb7 14. Qa7 {[%emt 0:01:35][%mdl 1024] White has compensation.} Qc8 15. Ba3 {[%emt 0:03:10] Threatens to win with Bxe7.} b4 16. Bb2 Nbd7 17. Nc4 {[%emt 0:03:13] [#]} (17. Nd2 $11) 17... O-O $146 ({Predecessor:} 17... Qa8 18. Qxa8+ Bxa8 19. Nbd2 O-O 20. Ra1 Nd5 21. Ra7 Rd8 22. e4 Nc3 23. e5 f6 {½-½ (37) Aponte Castillo,J (2100)-Blazeka,M (2328) Paracin 2016}) 18. Na5 Ba8 19. Bxc6 Bxc6 $17 20. Rc1 {[%emt 0:00:02] [#]} Qa8 21. Nxc6 $11 Qxa7 22. Nxa7 Ra8 23. Rc8+ Rxc8 24. Nxc8 Bf8 25. Nd2 Nd5 26. Na7 N7b6 27. Nb5 (27. Nc6 $11) 27... Na4 28. Bc1 g6 (28... f5 $15) 29. Ne4 $2 {[%emt 0:00:20] Loses the game.} (29. f3 $11) 29... b3 $19 30. Be3 $2 (30. Ba3) 30... b2 31. Nd2 Ndc3 32. Nxc3 Nxc3 {[%emt 0:00:01][%mdl 4096] Endgame KBN-KBN} 33. Kf1 b1=Q+ $2 (33... Bb4 34. d5 {[#]} Nxe2 $1 ) 34. Nxb1 Nxb1 35. Bc1 Ba3 36. Bf4 Nc3 37. Be5 Kf8 38. e3 Ke7 39. Ke1 Bb4 {[%emt 0:00:08] aiming for ...f6.} 40. Kf1 f6 41. Bc7 Kd7 42. Bb8 Nb5 {[%emt 0:00:08] And now ...Kc8 would win.} 43. g4 (43. h4 $142) 43... Bd6 44. Bxd6 Kxd6 {[%emt 0:00:02] KN-KP} 45. Ke2 e5 46. dxe5+ fxe5 {[%emt 0:00:05] Hoping for ...Kd5.} 47. f3 Kd5 48. Kd3 Nd6 (48... e4+ $142 49. Ke2 exf3+ 50. Kxf3 g5 51. h3 Nd6 52. Kg3 Ke4 53. Kf2 Nc4 54. Ke2 Nxe3 55. Kf2 Nd5 56. Ke2 Nf4+ 57. Kf2 Nxh3+ 58. Kg3 Nf4 59. Kf2 h6 60. Kf1 Kf3 61. Ke1 Kxg4 62. Kf2 h5 63. Kf1 h4 64. Ke1 h3 65. Kd2 h2 66. Ke3 h1=Q 67. Kd4 Qd5+ 68. Kc3 Qc5+ 69. Kb2 Nd3+ 70. Kb3 Qc6 71. Ka3 Qc3+ 72. Ka4 Qb4#) 49. h4 h5 {[%emt 0:00:14] Black mates.} 50. e4+ Ke6 51. gxh5 gxh5 {[%emt 0:00:02] KN-K3P} 52. Ke3 Kf6 53. f4 exf4+ 54. Kxf4 {[%emt 0:00:01] KN-KPP} Nf7 55. Kf3 Ke5 56. Ke3 Nd6 57. Kf3 Nxe4 {[%emt 0:00:02] KN-KP} 58. Kg2 Kf4 59. Kh3 Nf6 60. Kh2 Kg4 61. Kg2 Kxh4 62. Kh2 Kg4 63. Kg2 h4 64. Kh2 h3 65. Kh1 Kg3 66. Kg1 Ng4 67. Kh1 Nf2+ {[%emt 0:00:02] Weighted Error Value: White=1.04/Black=0.35} 0-1

[Event "Czech Open-Rapid 2022"]
[Site "Pardubice"]
[Date "2022.07.20"]
[Round "2.38"]
[White "Zdrazil, Tomas"]
[Black "Koska, Jiri"]
[Result "0-1"]
[ECO "B12"]
[WhiteElo "2122"]
[BlackElo "1856"]
[Annotator "TA"]
[PlyCount "56"]
[EventDate "2022.07.20"]
[EventType "swiss"]
[EventCountry "CZE"]
[SourceTitle "playchess.com"]
[Source "ChessBase"]
[SourceQuality "1"]
[TimeControl "1200+10"]

1. e4 c6 2. d4 d5 3. e5 c5 4. dxc5 e6 5. a3 Bxc5 6. Nf3 {[%emt 0:00:03] B12: Caro-Kann: Advance Variation.} Ne7 7. Bd3 Ng6 8. O-O {[%emt 0:00:15] The position is equal.} Nc6 9. b4 {[%emt 0:00:20] Black must now prevent Bxg6.} Bb6 10. Bb2 O-O 11. g3 f6 12. Bxg6 ({Better is} 12. exf6 $14 gxf6 13. Nbd2) 12... hxg6 $11 13. Nbd2 {[%emt 0:01:24] [#]} fxe5 $146 ({Predecessor:} 13... Qc7 14. c4 Qf7 15. Qe2 g5 16. h3 Qh5 17. Kg2 Bc7 18. Rae1 b6 19. Qd3 fxe5 20. Nxe5 Bxe5 21. g4 Qf7 22. Bxe5 Bb7 {½-½ (22) Heinemann,J (2225)-Stolle,V (2190) Baden 2018}) 14. Nxe5 Nxe5 15. Bxe5 Qg5 16. Bb2 {[%emt 0:03:39] [#]} (16. Bd6 $11 {keeps the balance.}) 16... Qf5 $1 $17 {[%emt 0:01:08] Hoping for ...Bd7. Black is more active.} 17. Qe2 {[%emt 0:04:51] [#]} (17. c4 $142) 17... Qxc2 (17... Bd7 $1 $17 {aiming for ...Rac8.} 18. Rac1 Rac8) 18. Qe5 $15 Rf7 19. Nf3 Qf5 20. Qxf5 gxf5 21. Rfe1 Bd7 (21... Rc7 $15) 22. Ne5 $11 Re7 23. Nxd7 Rxd7 24. Rxe6 d4 25. Rd1 d3 26. Rd2 Rc8 {[%emt 0:00:02] Strongly threatening ...Rc2.} 27. Re1 ({White should try} 27. Kg2 $1 $15) 27... Rc2 $17 28. Red1 {[%emt 0:00:02] And now Rxc2 would win.} Re7 {[%emt 0:00:02] Weighted Error Value: White=0.18 (very precise) /Black=0.12 (very precise)} 0-1

[Event "Czech Open-Rapid 2022"]
[Site "Pardubice"]
[Date "2022.07.20"]
[Round "2.39"]
[White "Koupil, Stepan"]
[Black "Bertram, Karsten"]
[Result "0-1"]
[ECO "B01"]
[WhiteElo "1450"]
[BlackElo "2062"]
[Annotator "TA"]
[PlyCount "30"]
[EventDate "2022.07.20"]
[EventType "swiss"]
[EventCountry "CZE"]
[SourceTitle "playchess.com"]
[Source "ChessBase"]
[SourceQuality "1"]
[TimeControl "1200+10"]

1. e4 d5 2. exd5 Qxd5 3. Nc3 Qa5 4. Bc4 Nf6 5. Nf3 Bg4 6. h3 Bh5 7. O-O Nc6 {[%emt 0:00:03][%cal Bb8c6,Bc6d4,Bd4b5,Bb5d6][%mdl 32] B01: Scandinavian Defence.} 8. Bb5 e6 9. d4 {[%emt 0:01:48] g4 is the strong threat.} (9. g4 $5 Bg6 10. d3 $14) 9... Bb4 {[%emt 0:01:38] The position is equal.} 10. Qd3 {[%emt 0:02:20] With the idea Ne5.} O-O {[%emt 0:02:54] [#]} 11. a3 $146 (11. Bxc6 $11 bxc6 12. Ne5) ({Predecessor:} 11. Bxc6 bxc6 12. Ne4 Nxe4 13. Qxe4 Qd5 14. Qxd5 cxd5 15. c3 Bd6 16. Ne5 f6 17. Nc6 {0-1 (41) Nesic,D (1842)-Cornette,D (2364) Rhodes 2013}) 11... Bxf3 $17 12. Qxf3 (12. gxf3 $17 Bxc3 13. bxc3) 12... Nxd4 $19 13. Qd3 Bxc3 14. Be3 $2 {[%emt 0:00:53] [#]} (14. Bc4) 14... Nxb5 15. bxc3 Nd6 {[%emt 0:00:36] Black took control after the opening.  Weighted Error Value: White=0.95/Black=0.03 (flawless)} 0-1

[Event "Czech Open-Rapid 2022"]
[Site "Pardubice"]
[Date "2022.07.20"]
[Round "2.40"]
[White "Valenta, Vit Vaclav"]
[Black "Hornstein, Leonhard"]
[Result "1-0"]
[ECO "A00"]
[WhiteElo "1996"]
[BlackElo "1210"]
[Annotator "TA"]
[PlyCount "63"]
[EventDate "2022.07.20"]
[EventType "swiss"]
[EventCountry "CZE"]
[SourceTitle "playchess.com"]
[Source "ChessBase"]
[SourceQuality "1"]
[TimeControl "1200+10"]

1. b4 d5 2. Bb2 f5 3. Nf3 e6 4. a3 Nf6 5. g3 Be7 6. Bg2 {[%emt 0:00:01] A00: Irregular Openings.} c6 7. O-O O-O 8. d3 {[%emt 0:00:04] [#] The position is equal.} (8. c4 $5) 8... Bd7 $146 ({Predecessor:} 8... a5 9. bxa5 Qxa5 10. Nbd2 Qa4 11. c4 Nbd7 12. Qc1 Nc5 13. d4 Nce4 14. c5 Nd7 15. Nxe4 fxe4 {0-1 (26) Jeschke,H-Wiechmann,G Kropp 2006}) 9. Nbd2 Be8 (9... a5 $11) 10. c4 Bh5 11. Qc2 Nbd7 (11... a5 $14) 12. Nd4 Bf7 13. e4 {[%emt 0:00:30] White is more active.} fxe4 14. dxe4 e5 15. Nf5 Bg6 (15... d4 $16) 16. cxd5 $18 (16. exd5 cxd5 17. cxd5 Kh8 $16) 16... cxd5 17. Nxe7+ ({Don't take} 17. exd5 Kh8 $16) 17... Qxe7 18. Qb3 Kh8 19. exd5 Rac8 20. Nc4 e4 21. Bh3 (21. Rad1 $18) 21... Rcd8 (21... Nxd5 $16 {keeps fighting.} 22. Rac1 Rcd8) 22. d6 Qf7 23. Nd2 Nb6 24. Qxf7 Rxf7 25. Be5 {[%emt 0:00:06] A strong pair of Bishops.} Ne8 26. Rad1 {[%emt 0:00:54] Be6 is the strong threat.} ({But not} 26. Be6 $6 Rf8 $16) 26... Nxd6 27. Nb3 $40 {[%emt 0:00:10][%mdl 128] White goes for the king.} Nbc8 {[%emt 0:00:12][%mdl 8192] Loses the game.} (27... Nbc4 $16 28. Bxd6 Nxd6) 28. Bxc8 Rxc8 29. Rxd6 Rfc7 $2 {[%emt 0:00:19] [#]} (29... Re7 30. Bf4 Kg8) 30. Rxg6 $1 {[%emt 0:00:30] White is clearly winning.} hxg6 31. Bxc7 Rxc7 32. Nc5 {[%emt 0:00:01] Weighted Error Value: White=0.11 (very precise) /Black=0.50} 1-0

[Event "Czech Open-Rapid 2022"]
[Site "Pardubice"]
[Date "2022.07.20"]
[Round "2.41"]
[White "Hintze, Lobosch"]
[Black "Meszaros, Ludek"]
[Result "0-1"]
[ECO "C68"]
[WhiteElo "1560"]
[BlackElo "2049"]
[Annotator "TA"]
[PlyCount "128"]
[EventDate "2022.07.20"]
[EventType "swiss"]
[EventCountry "CZE"]
[SourceTitle "playchess.com"]
[Source "ChessBase"]
[SourceQuality "1"]
[TimeControl "1200+10"]

1. e4 e5 2. Nf3 Nc6 3. Bb5 a6 4. Bxc6 dxc6 5. O-O f6 6. c3 {[%emt 0:00:10] C69: Ruy Lopez: Exchange Variation with 5 0-0 f6.} (6. d4 $14) 6... Bg4 ({Better is} 6... Qd3 $15) 7. d3 Qd6 8. Be3 {[%emt 0:00:33] The position is equal.} O-O-O 9. d4 c5 10. d5 f5 $1 {[%emt 0:01:13] [#]} 11. Nbd2 $146 ({Predecessor:} 11. exf5 e4 12. Qa4 Bxf3 13. gxf3 exf3 14. Qg4 Nf6 15. Qxf3 Qxd5 16. Qxd5 Rxd5 17. c4 Rxf5 {0-1 (39) Boudriga,M (2325)-Amin,B (2692) Casablanca 2019}) 11... f4 (11... Nf6 $15 12. Nc4 Qe7) 12. Nc4 $1 $14 {[%emt 0:01:02][%csl LRd6,LRe5] Pair of Knights!} Qf6 13. Bd2 (13. Ncxe5 Bxf3 14. Qxf3 Qxe5 $15) ({White should play} 13. Bc1 $1 $14) 13... Bd6 (13... Re8 $1 $11) 14. Na5 (14. b4 $1 $16) 14... Qg6 $11 15. Nh4 Qh5 (15... Bxd1 16. Nxg6 hxg6 17. Rfxd1 $14) 16. f3 Qxh4 17. fxg4 Nf6 {[%emt 0:00:08] And now ...h5 would win.} 18. h3 {[%emt 0:00:42] [#]} (18. Qb3 $15 b6 19. Nc6) 18... h5 $1 $19 (18... Nxe4 19. Be1 Ng3 20. Qb3 $15) 19. gxh5 (19. g5 $17 {was called for.} Nxe4 20. Be1 Qxg5 21. Qb3) 19... Rxh5 ({Weaker is} 19... Nxe4 20. Qc2 Nxd2 21. Qxd2) 20. Qf3 $2 (20. Be1 {is a better defense.} Qg5 21. Rf3) 20... Rg5 {[%emt 0:00:10] aiming for ...Rh8.} 21. Be1 Qh7 22. Bf2 $2 (22. h4 Rg4 23. a4) 22... Qxe4 $2 ({Black should try} 22... Nxe4 $19 23. Bh4 Qxh4 24. Qxe4 Qxh3) 23. Qxe4 $11 Nxe4 24. Bh4 Re8 25. Bxg5 $16 Nxg5 {[%emt 0:00:02] [#]} 26. Rae1 $1 {[%emt 0:00:13] Against Ne4} Kd7 (26... Rh8 $16) 27. Nxb7 $18 Nh7 28. Na5 (28. g3 $18) 28... Nf6 $16 29. Nc4 Nxd5 30. Rd1 (30. h4 $16) 30... Nf6 31. Rfe1 {[%emt 0:00:47] Nxe5+ is the strong threat.} e4 32. Kf2 (32. Rf1 $1 $14) 32... g5 $11 33. a3 g4 34. hxg4 Nxg4+ 35. Kf1 Rh8 {[%emt 0:00:31] Strongly threatening ...f3.} 36. Rxe4 $2 {[%emt 0:01:44][%mdl 8192] White is now going downhill.} (36. Nxd6 $11 {and White has nothing to worry.} cxd6 37. Rxe4 Rh1+ 38. Ke2 Rxd1 39. Rxf4) 36... Rh1+ $19 37. Ke2 Rxd1 38. Nxd6 Rxd6 ({Not} 38... cxd6 39. Rxf4 Rb1 40. Rxg4 $11) 39. Rxf4 {[%emt 0:00:03][%mdl 4096] Endgame KRN-KR} Ne5 40. Rh4 Rg6 41. Kf1 Nd3 42. b4 Re6 43. Kg1 Re1+ 44. Kh2 Ra1 45. bxc5 (45. Rh3 $142 Nf2 46. Rf3) 45... Nxc5 46. Rh7+ Kc6 47. Rh6+ Kb7 48. Rh5 Ne4 49. g4 Rxa3 50. Re5 Nxc3 51. g5 Ra2+ 52. Kh3 Ne2 53. Re4 Ra3+ 54. Kh4 Nc3 55. Rc4 Nd5 {[%emt 0:00:11] Threatens to win with ...Ra1.} 56. g6 Ra1 57. Rg4 Rh1+ 58. Kg5 Rh8 {Hoping for ...Rg8.} 59. Rd4 $2 (59. g7 Rc8 60. Rh4) 59... Kc6 60. Ra4 Kb6 (60... Kb5 $142 61. Ra1 Rg8 62. Rb1+ Kc5) 61. Rd4 (61. g7 $142 Rh3 62. Re4 (62. g8=Q $2 Rg3+ 63. Kf5 Rxg8 $19)) 61... Ne7 62. g7 Rg8 63. Kf6 {[%emt 0:00:01] [#]} Rxg7 $3 64. Kxg7 (64. Rb4+ Ka5) 64... Nf5+ {[%emt 0:00:44] Weighted Error Value: White=1.09/Black=0.46} 0-1

[Event "Czech Open-Rapid 2022"]
[Site "Pardubice"]
[Date "2022.07.20"]
[Round "2.42"]
[White "Laith, Kasib"]
[Black "Nikolinko, Tomas"]
[Result "1-0"]
[ECO "B30"]
[WhiteElo "2079"]
[BlackElo "1318"]
[Annotator "TA"]
[PlyCount "33"]
[EventDate "2022.07.20"]
[EventType "swiss"]
[EventCountry "CZE"]
[SourceTitle "playchess.com"]
[Source "ChessBase"]
[SourceQuality "1"]
[TimeControl "1200+10"]

1. e4 c5 2. Nf3 Nc6 3. d3 g6 4. g3 Bg7 5. Bg2 e6 6. O-O Nge7 7. c3 O-O 8. Re1 d5 9. Nbd2 Re8 {[%emt 0:00:15] A08: King's Indian Attack.} 10. e5 {[%emt 0:00:33] [#]} d4 $146 (10... a5 $11) ({Predecessor:} 10... Qc7 11. Qe2 b5 12. Nb3 c4 13. Nbd4 Rb8 14. Nxc6 Nxc6 15. d4 b4 16. h4 a5 17. h5 {1-0 (38) Weber,S (2203)-Gong,P (2336) Helsingor 2019}) 11. c4 Qc7 {[%emt 0:00:05][%cal Rc6e5] White is slightly better.} 12. Qe2 Nb4 $2 {[%emt 0:01:56] [#] This move loses the game for Black.} (12... Bd7 $14) 13. Ne4 $18 Bxe5 $2 (13... Nec6 14. Bf4 (14. Nxc5 Nxe5 15. Nxe5 Qxc5 $14) 14... Na6 15. Nf6+ Bxf6) 14. Nxe5 Qxe5 15. Bg5 {[%emt 0:00:55] Hoping for Nf6+.} Kf8 16. Nf6 {[%emt 0:00:05][%cal Rg5h6][%mdl 64] [#] Discovered Attack, Double Attack} Qxe2 17. Bh6# {[%emt 0:00:02] Weighted Error Value: White=0.08 (flawless) /Black=1.92} 1-0

[Event "Czech Open-Rapid 2022"]
[Site "Pardubice"]
[Date "2022.07.20"]
[Round "2.44"]
[White "Mierins, Emils Janis"]
[Black "Seidl, Vaclav"]
[Result "1-0"]
[ECO "C01"]
[WhiteElo "2042"]
[BlackElo "1251"]
[Annotator "TA"]
[PlyCount "109"]
[EventDate "2022.07.20"]
[EventType "swiss"]
[EventCountry "CZE"]
[SourceTitle "playchess.com"]
[Source "ChessBase"]
[SourceQuality "1"]
[TimeControl "1200+10"]

1. e4 e6 2. d4 d5 3. exd5 exd5 4. Nf3 Bd6 5. c4 c6 6. Nc3 Nf6 7. Bg5 {[%emt 0:00:06] 7.Bd3 gains popularity.} Bb4 {[%emt 0:01:15] C01: French: Exchange Variation.} (7... O-O $11) 8. Be2 $14 O-O 9. O-O {[%emt 0:00:04] [#]} Bf5 $146 (9... dxc4 $14 10. Bxc4 h6) ({Predecessor:} 9... dxc4 10. Ne5 Be6 11. Bxc4 Bxc4 12. Nxc4 Be7 13. Qb3 b5 14. Ne3 Qxd4 15. Nf5 Qe5 16. Nxe7+ Qxe7 {1-0 (25) Nilsen,M (2025)-Bentsen,H (2050) Fagernes 2015}) 10. Qb3 Bxc3 11. bxc3 Qc7 (11... Nbd7 $16) 12. Bxf6 $18 gxf6 13. cxd5 cxd5 14. Qxd5 Be6 (14... Bg6 15. Nh4 Nd7) 15. Qh5 {[%emt 0:00:02] [#] Strongly threatening Bd3.} Qxc3 16. Rac1 {[%emt 0:00:03] Prevents Qc2.} Qa3 17. Rfd1 {[%emt 0:01:15] Black must now prevent Bd3.} Kh8 18. Bd3 f5 19. Ng5 Kg7 20. Qxh7+ Kf6 21. Qh6+ Ke7 22. Nxe6 fxe6 23. Qg7+ (23. d5 $142 Nd7 24. dxe6 Qxc1 25. Qxc1 Ne5 26. Qc7+ Kf6 27. e7 Rfe8 28. Qd6+ Kf7 29. Qxe5) 23... Rf7 24. Rc7+ Nd7 {[%emt 0:00:17] [#]} 25. Rxd7+ $1 Kxd7 26. Qxf7+ Qe7 27. Bb5+ Kd6 28. Qxe7+ Kxe7 {[%emt 0:00:02][%mdl 4096] Endgame KRB-KR} 29. d5 a6 30. d6+ Kd8 31. Bc4 Kd7 32. Re1 Re8 33. Rxe6 Rxe6 (33... Rc8 34. Re7+ Kxd6) 34. Bxe6+ Kxe6 {[%emt 0:00:01] KP-KP} 35. Kf1 Kxd6 36. Ke2 b5 37. Kd3 (37. g3 $142 Kd5 38. Kd3 Kd6 39. Kd4 Kc6 40. h4 Kd6 41. Kc3 a5 42. Kd4) 37... a5 38. Kd4 {[%emt 0:00:03] White mates.} b4 39. Kc4 Ke5 40. f3 f4 41. g3 Kf5 42. gxf4 Kxf4 43. Kb5 Kxf3 44. Kxa5 Kg4 45. Kxb4 {[%emt 0:00:01] KP-KP} Kh3 46. a4 Kxh2 {[%emt 0:00:02] KP-K} 47. a5 Kg3 48. a6 Kf4 49. a7 Ke5 50. a8=Q Kd6 51. Qa6+ Kc7 52. Kc5 Kb8 53. Qd6+ Kc8 54. Qe7 Kb8 55. Kb6 {[%emt 0:00:01] Black got outplayed after the opening.  Weighted Error Value: White=0.26 (precise) /Black=0.89} 1-0

[Event "Czech Open-Rapid 2022"]
[Site "Pardubice"]
[Date "2022.07.20"]
[Round "3.1"]
[White "Klimakovs, Sergejs"]
[Black "Korobov, Anton"]
[Result "0-1"]
[ECO "B30"]
[WhiteElo "2266"]
[BlackElo "2692"]
[Annotator "TA"]
[PlyCount "68"]
[EventDate "2022.07.20"]
[EventType "swiss"]
[EventCountry "CZE"]
[SourceTitle "playchess.com"]
[Source "ChessBase"]
[SourceQuality "1"]
[TimeControl "1200+10"]

1. e4 c5 2. Nf3 Nc6 3. Nc3 d6 4. d4 cxd4 5. Nxd4 e6 6. g3 a6 7. Bg2 Qc7 8. O-O Nf6 9. Be3 Be7 10. Nxc6 bxc6 11. Na4 {[%emt 0:00:01] B80: Sicilian Scheveningen: 6 g3 and 6 Be3, including English Attack.} Rb8 12. c4 O-O 13. Rc1 {[%emt 0:01:33] White is slightly better.} c5 14. Qe2 {[%emt 0:00:15] [#]} Nd7 $146 ({Predecessor:} 14... Bb7 15. Nc3 Nd7 16. f4 Rfe8 17. Rcd1 Bf8 18. Rd3 Rbd8 19. Rfd1 Nb8 20. e5 Bxg2 21. exd6 Rxd6 22. Rxd6 Bxd6 23. Qxg2 {½-½ (30) Valujevs,G-Neukirch,D ICCF corr 1990}) 15. f4 Rb4 16. Nc3 Nb8 17. g4 Nc6 18. b3 Bf6 19. g5 Bd4 20. Rf3 f6 21. gxf6 Rxf6 22. f5 Ne5 23. Rg3 Qf7 (23... exf5 $2 24. Bxd4 cxd4 25. Nd5 $18) 24. Bxd4 cxd4 25. fxe6 $2 {[%emt 0:02:09] This move loses the game for White.} (25. Nd1 $11 {and White has nothing to worry.}) 25... Bxe6 $19 26. Nd5 Bxd5 27. cxd5 {[%emt 0:00:02] [#]} (27. Qd2 {keeps fighting.} Rb8 28. exd5) 27... Rb8 $1 28. Qxa6 Rf8 29. Bh3 $2 (29. b4 d3 30. Rxd3 Nxd3 31. Qxd3) 29... Kh8 (29... Rh6 $2 30. Be6 Rxe6 31. dxe6 Qxe6 32. Qb7 $18) (29... Qh5 $142 30. Kh1 (30. Be6+ $2 Kh8 $19) 30... d3) 30. Be6 $2 (30. Bg2) 30... Qh5 31. Bf5 d3 32. Qa7 g6 {[%emt 0:00:28] [#] ( -> ...d2)} 33. Rh3 Qg5+ 34. Kf2 Rxf5+ {[%emt 0:00:04] Weighted Error Value: White=0.91/Black=0.24 (precise)} 0-1

[Event "Czech Open-Rapid 2022"]
[Site "Pardubice"]
[Date "2022.07.20"]
[Round "3.2"]
[White "Donchenko, Alexander"]
[Black "Goroshkov, Maksym"]
[Result "1-0"]
[ECO "A53"]
[WhiteElo "2640"]
[BlackElo "2240"]
[Annotator "TA"]
[PlyCount "79"]
[EventDate "2022.07.20"]
[EventType "swiss"]
[EventCountry "CZE"]
[SourceTitle "playchess.com"]
[Source "ChessBase"]
[SourceQuality "1"]
[TimeControl "1200+10"]

1. d4 Nf6 2. c4 d6 3. Nf3 g6 4. g3 Bg7 5. Bg2 O-O 6. Nc3 c6 7. e4 Bg4 8. h3 $1 {[%emt 0:00:08][%cal Bh2h3,Bh3h4][%mdl 32] 8.h3 scores better than 8.0-0. E62: King's Indian: Fianchetto: 6...c6 and Panno Variation (6...Nc6) without ...a6.} Bxf3 9. Bxf3 e5 {[%emt 0:00:02] [#] aiming for ...exd4.} 10. d5 {[%emt 0:00:06] White is better.} c5 ({Black should play} 10... a6 $14) 11. h4 $16 {[%emt 0:00:55] [#]} h6 $146 ({Predecessor:} 11... h5 12. g4 hxg4 13. Bxg4 Nxg4 14. Qxg4 Nd7 15. Bg5 Qe8 16. O-O-O f5 17. Qh3 Nf6 18. Bxf6 Rxf6 {1-0 (26) Keymer,V (2591)-Ivic,V (2581) Chess.com INT 2020}) 12. g4 Nh7 13. Be3 a6 14. Qd2 g5 15. hxg5 Nxg5 16. Bg2 Nd7 17. Ne2 b5 18. Ng3 f6 19. Nf5 Nb6 20. b3 ({Not} 20. Nxh6+ Bxh6 21. Rxh6 Nxc4 $11) 20... bxc4 21. f3 ({Resist} 21. Nxh6+ Bxh6 22. Rxh6 Kg7 $16) 21... a5 22. Kf2 ({Don't play} 22. Nxh6+ Bxh6 23. Rxh6 Kg7 $16) 22... Rf7 23. Nxh6+ ({Better is} 23. Bf1 $18) 23... Bxh6 24. Rxh6 cxb3 $2 {[%emt 0:00:36][%mdl 8192] Loses the game.} (24... Rh7 $16 25. Rxh7 Nxh7) 25. Rah1 {[%emt 0:00:25][%mdl 64] Hoping for Bxg5. Zwischenzug} Nh7 26. axb3 a4 27. g5 fxg5 {[%emt 0:00:06] [#]} 28. Bh3 $1 {[%emt 0:00:04] Threatens to win with Be6.} Rg7 29. Be6+ {[%emt 0:00:22] White mates.} Kh8 {[%emt 0:00:02] [#]} 30. Bxg5 $1 {[%emt 0:00:03][%mdl 576] Pin} Qf8 31. Bf6 Qxf6 32. Rxf6 axb3 {[%emt 0:00:02] [#]} 33. Qa5 $3 Rb7 {[%emt 0:00:20] [#]} 34. Qxa8+ $3 Nxa8 35. Rf8+ Kg7 36. Rg8+ Kf6 37. Rh6+ Ke7 38. Rxh7+ Kf6 39. Rxb7 Nc7 40. Rxc7 {[%emt 0:00:02] Weighted Error Value: White=0.26 (precise) /Black=0.46} 1-0

[Event "Czech Open-Rapid 2022"]
[Site "Pardubice"]
[Date "2022.07.20"]
[Round "3.3"]
[White "Sarkar, Justin"]
[Black "Harsha Bharathakoti"]
[Result "0-1"]
[ECO "C01"]
[WhiteElo "2346"]
[BlackElo "2547"]
[Annotator "TA"]
[PlyCount "90"]
[EventDate "2022.07.20"]
[EventType "swiss"]
[EventCountry "CZE"]
[SourceTitle "playchess.com"]
[Source "ChessBase"]
[SourceQuality "1"]
[TimeControl "1200+10"]

1. e4 e6 2. d4 d5 3. exd5 exd5 4. Bf4 Nf6 5. Nf3 Bg4 6. Be2 {[%emt 0:00:26] C01: French: Exchange Variation.} Bd6 7. Bxd6 Qxd6 8. O-O {[%emt 0:00:09] The position is equal.} O-O 9. Ne5 Bxe2 10. Qxe2 {[%emt 0:00:03] [#]} Re8 $146 {[%emt 0:00:49] next ...Nc6 is good for Black.} ({Predecessor:} 10... Nbd7 11. Nxd7 Qxd7 12. Qd3 Rfe8 13. Nd2 c6 14. Rfe1 Qc7 15. Nf3 Ne4 16. c3 Qf4 {1-0 (45) Gonzalez Alonso,M (1886)-Rossell Rodriguez,O (1917) Barcelona 2015}) 11. Qb5 Nc6 12. Nxc6 bxc6 13. Qd3 $1 Rab8 14. b3 Ng4 15. Qg3 Qxg3 $40 {[%emt 0:00:16][%mdl 128] Black mounts an attack.} 16. hxg3 Re2 17. Nc3 Rxc2 18. Rac1 Rd2 19. Rcd1 Rxd1 {[%emt 0:00:07] Black is more active.} 20. Rxd1 $17 {[%emt 0:00:03][%mdl 4096] Endgame KRN-KRN} Kf8 21. Rc1 Ke7 22. f3 Nf6 23. Kf2 ({Better is} 23. g4) 23... Kd6 24. g4 h6 25. Ke3 Nd7 26. Na4 Rb5 ({Black should try} 26... Nf8 27. Nc5 Ne6 28. Nxe6 fxe6) 27. Nc3 Rb4 28. Na4 Rb5 29. Nc3 $1 Ra5 30. a4 Ra6 31. b4 Rb6 32. Rb1 {[%emt 0:00:19] [#]} a5 $1 33. bxa5 Ra6 34. Kd3 Rxa5 35. Kc2 Nb6 36. Kb3 {[%emt 0:00:24] [#]} (36. Ra1 $17) 36... Nc4 $1 $19 {[%emt 0:00:06] White must now prevent ...Nd2+.} 37. Re1 Ra8 {[%emt 0:00:02] Inhibits Re8. Strongly threatening ...Rb8+.} 38. Re2 Rb8+ 39. Ka2 Kd7 40. Nd1 Rb4 41. Nc3 Nb6 42. Rd2 Nc4 ({Stronger than} 42... Nxa4 43. Ka3 Rxd4 44. Rxd4 Nxc3 45. Rb4 $17) 43. Re2 Na5 44. Rd2 Kd6 45. Rd3 Nc4 {[%emt 0:00:03] Weighted Error Value: White=0.17 (very precise) /Black=0.21 (precise)} 0-1